 Dungeon Crawl Stone Soup version 0.29-a0-352-g0917bc69df (webtiles) character file.

Game seed: 2021750365212431425

5749 croobank the Tainter (level 10, -3/63 HPs)
             Began as an Octopode Fire Elementalist on Apr 23, 2022.
             Was an Initiate of Gozag.
             Slain by a troll (7 damage)
             ... on level 9 of the Dungeon.
             The game lasted 00:43:44 (13054 turns).

croobank the Tainter (Octopode Fire Elementalist)  Turns: 13054, Time: 00:43:44

Health: -3/63      AC:  3    Str:  9    XL:     10   Next: 77%
Magic:  10/17      EV: 14    Int: 27    God:    Gozag
Gold:   754        SH:  0    Dex: 12    Spells: 2/18 levels left

rFire   + . .      SeeInvis .   A - +6 long sword of Qazlal's Inspiration {vorpal, Int+6}
rCold   . . .      Faith    .   (no shield)
rNeg    . . .      Spirit   .   n - +2 hat
rPois   .          Reflect  .   (no amulet)
rElec   .          Harm     .   z - ring of protection from fire
rCorr   .          Rampage  .   (no ring)
Will    .....                   (no ring)
Stlth   ++++......              (no ring)
HPRegen 0.20/turn               (no ring)
MPRegen 0.15/turn               (no ring)
                                (no ring)
                                (no ring)

@: no status effects
A: almost no armour, amphibious, 8 rings, camouflage 1, gelatinous body 1,
(nimble swimmer 1), tentacles
a: Renounce Religion, Potion Petition, Call Merchant, Bribe Branch


You were on level 9 of the Dungeon.
You worshipped Gozag.
Gozag was pleased with you.
You visited 2 branches of the dungeon, and saw 10 of its levels.

You collected 2035 gold pieces.
You spent 1136 gold pieces at shops.
You paid 145 gold pieces to Gozag.

Inventory:

Hand Weapons
 a - the +5 mace of Pestilence {speed, rPois Will+}
   (You found it on level 4 of the Dungeon)

   Attacks with this weapon are significantly faster.
   rPois:     It protects you from poison.
   Will:      It increases your willpower.
 b - a +0 hunting sling
 c - a +0 battleaxe
 j - a +4 hand axe
 r - a +1 dagger of speed
 y - a +3 long sword of freezing
 A - the +6 long sword of Qazlal's Inspiration (weapon) {vorpal, Int+6}
   (You found it on level 7 of the Dungeon)

   It inflicts extra damage upon your enemies.
   Int:       It affects your intelligence (+6).
 C - a +4 spear of freezing
 F - the +3 great sword "Dezxelik" {vorpal, rElec MP+9}
   (You bought it in a shop on level 8 of the Dungeon)

   It inflicts extra damage upon your enemies.
   rElec:     It insulates you from electricity.
   MP:        It affects your magic capacity (+9).
Missiles
 h - 342 stones
 i - 2 boomerangs
 p - 10 poisoned darts
 D - 3 throwing nets
 E - 2 silver boomerangs
Armour
 n - a +2 hat (worn)
Magical Staves
 e - a staff of air
 q - a staff of cold
Jewellery
 o - an amulet of faith
 z - a ring of protection from fire (left tentacle)
Wands
 f - a wand of mindburst (32)
 g - a wand of flame (43)
Scrolls
 l - 3 scrolls of teleportation
 s - a scroll of enchant armour
 u - 4 scrolls of fear
 G - 3 scrolls of identify
Potions
 d - 3 potions of lignification
 k - a potion of haste
 m - 2 potions of mutation
 t - 3 potions of heal wounds
 v - 3 potions of brilliance
 w - a potion of flight
 x - a potion of berserk rage
 B - 2 potions of curing
 H - a potion of might


   Skills:
 - Level 3.9 Fighting
 - Level 0.9(2.9) Short Blades
 + Level 4.4(4.5) Long Blades
 - Level 5.3 Maces & Flails
 - Level 4.9 Dodging
 - Level 7.3 Stealth
 - Level 4.7 Spellcasting
 - Level 4.6 Conjurations
 + Level 0.0 Transmutations
 - Level 5.6 Fire Magic
 - Level 9.7 Poison Magic


You had 2 spell levels left.
You knew the following spells:

 Your Spells              Type           Power      Damage    Failure   Level
a - Foxfire               Conj/Fire      100%       2x1d9     1%          1
b - Scorch                Fire           72%        2d8       1%          2
c - Flame Wave            Conj/Fire      34%        2d8       9%          4
d - Olgreb's Toxic Radia  Pois           56%        N/A       1%          4
e - Irradiate             Conj/Tmut      9%         3d16      61%         5

Your spell library contained the following spells:

 Spells                   Type           Power      Damage    Failure   Level
 Sublimation of Blood     Necr           6%         N/A       11%         2
 Conjure Flame            Conj/Fire      34%        6-21      2%          3
 Inner Flame              Hex/Fire       21%        N/A       7%          3
 Petrify                  Tmut/Erth      6%         N/A       58%         4
 Dispersal                Tloc           3%         N/A       100%        6
 Ozocubu's Refrigeration  Ice            3%         4d5       100%        7
 Disjunction              Tloc           3%         N/A       100%        8
 Ignition                 Fire           18%        3d7       100%        8


Dungeon Overview and Level Annotations

Branches:
Dungeon (9/15)             Temple (1/1) D:7
   Lair: D:8-11         Orc: D:9-12

Altars:
Ashenzari
Cheibriados
Dithmenos
Elyvilon
Gozag
Kikubaaqudgha
Makhleb
Nemelex Xobeh
Qazlal
Ru
Trog
Uskayaw
Vehumet
Wu Jian
Xom
Zin
The Shining One

Shops:
D:3 [   D:4 [   D:8 *(([(

Annotations:
D:7 3 runed translucent doors, Antichthon's ghost, novice NaWr; spaghetti's ghost, novice DDSu; spaghetti's ghost, novice DgFi


Innate Abilities, Weirdness & Mutations

You cannot wear most types of armour.
You are amphibious.
You can wear up to eight rings at the same time.
Your skin changes colour to match your surroundings (Stealth+).
Your rubbery body absorbs attacks. (AC +1, EV +1)
((You are camouflaged when in or above water. (Stealth+)))
You have tentacles for arms and can constrict up to eight enemies at once.


Message History

You finish memorising.
Spell assigned to 'e'.
A troll is nearby!
Casting: Scorch (safe; 1% risk of failure)
Confirm with . or Enter, or press ? or * to list all spells.
Flames lash the troll.
The troll is lightly wounded.
The troll's fire resistance burns away.
Casting: Scorch (safe; 1% risk of failure)
Confirm with . or Enter, or press ? or * to list all spells.
Flames lash the troll.
The troll is burned terribly!
The troll is moderately wounded.
You closely miss the troll.
You squeeze the troll, but do no damage.
The troll is moderately wounded.
The troll bites you! The troll claws you! x2
Casting: Scorch (safe; 1% risk of failure)
Confirm with . or Enter, or press ? or * to list all spells.
Flames lash the troll.
The troll is burned terribly!
The troll is heavily wounded.
The troll bites you but does no damage. The troll barely misses you.
The troll claws you.
You barely miss the troll.
The troll is heavily wounded.
The troll bites you! The troll claws you. The troll barely misses you.
Casting: Scorch (safe; 1% risk of failure)
Confirm with . or Enter, or press ? or * to list all spells.
Okay, then.
You feel much better. The troll bites you. The troll claws you!
The troll claws you.
Casting: Scorch (safe; 1% risk of failure)
Confirm with . or Enter, or press ? or * to list all spells.
Flames lash the troll.
The troll is burned terribly!
The troll is severely wounded.
The troll bites you!
* * * LOW HITPOINT WARNING * * *
The troll claws you!
* * * LOW HITPOINT WARNING * * *
The troll claws you!
You die...
Your body crumbles into a pile of gold.

##.#.##... ##..###
##....# $ ###.....#
###.......#
#.........##
##....#...<.###
#.....#.......##.#...
#..........#.@T......
###........###.......
####...........#
##.....
..............## ....
......##.###### ...
....###### .. ....###
. ......# ......# $


You could see a troll (combustible).

Vanquished Creatures
  Pikel (D:5)
  Sigmund (D:6)
  Eustachio (D:5)
  8 yaks
  2 steam dragons (D:7)
  Edmund (D:5)
  Duvessa (D:5)
  2 water moccasins (D:6)
  5 sky beasts
  2 orc warriors (D:8)
  An ice beast (D:6)
  4 ogres
  A centaur (D:6)
  A kobold brigand (D:8)
  2 bullfrogs
  2 scorpions
  Dowan (D:4)
  8 wights (D:7)
  6 killer bees (D:8)
  A jelly (D:4)
  2 orc priests
  A gnoll shaman (D:7)
  4 hounds
  2 iguanas (D:4)
  Ijyb (D:5)
  10 orc wizards
  Robin (D:2)
  10 adders
  12 gnolls
  A shadow imp (D:7)
  2 white imps
  3 dart slugs
  19 orcs
  5 ball pythons
  6 endoplasms
  A giant cockroach (D:3)
  39 goblins
  34 hobgoblins
  3 jackals (D:3)
  5 quokkas
  6 bats
  4 frilled lizards
  16 kobolds
  5 rats
243 creatures vanquished.

Vanquished Creatures (others)
  296 foxfires
296 creatures vanquished.

Grand Total: 539 creatures vanquished

Notes
Turn   | Place    | Note
-------+----------+-------------------------------------------
     0 | D:1      | croobank the Octopode Fire Elementalist began the quest for
                  | the Orb.
     0 | D:1      | Reached XP level 1. HP: 11/11 MP: 3/3
    77 | D:1      | Reached XP level 2. HP: 6/17 MP: 0/5
   287 | D:1      | Learned a level 2 spell: Scorch
   876 | D:1      | Reached XP level 3. HP: 21/21 MP: 4/6
   982 | D:1      | Found a faded altar of an unknown god.
  1620 | D:2      | Noticed Robin
  1803 | D:2      | Reached XP level 4. HP: 27/27 MP: 5/7
  1857 | D:2      | Killed Robin
  2377 | D:2      | Identified a scroll of acquirement
  2377 | D:2      | Acquired 1059 gold pieces
  2497 | D:2      | Learned a level 4 spell: Flame Wave
  2782 | D:3      | Found a stormy altar of Qazlal.
  2891 | D:3      | Reached XP level 5. HP: 31/31 MP: 6/9
  3209 | D:3      | Found Zikhao's Armour Boutique.
  3218 | D:3      | Bought a +2 hat for 176 gold pieces
  4077 | D:4      | Reached XP level 6. HP: 37/37 MP: 6/10
  4145 | D:4      | Found Plog's Antique Armour Emporium.
  4517 | D:4      | Identified the +5 mace of Pestilence {speed, rPois Will+}
  4649 | D:4      | Reached skill level 1 in Fighting
  5212 | D:4      | Reached skill level 1 in Maces & Flails
  5212 | D:4      | Reached skill level 5 in Stealth
  5212 | D:4      | Reached XP level 7. HP: 40/43 MP: 4/11
  5769 | D:4      | Found a broken altar of Ashenzari.
  6109 | D:5      | Entered Level 5 of the Dungeon
  6109 | D:5      | Noticed Duvessa
  6109 | D:5      | Noticed Dowan
  6117 | D:5      | Killed Duvessa
  6416 | D:4      | Killed Dowan
  6613 | D:5      | Noticed Ijyb
  6626 | D:5      | Killed Ijyb
  6740 | D:5      | Noticed Eustachio
  6749 | D:5      | Killed Eustachio
  6750 | D:5      | Reached XP level 8. HP: 29/50 MP: 4/13
  6881 | D:5      | Found a burning altar of Makhleb.
  7139 | D:5      | Found a shadowy altar of Dithmenos.
  7249 | D:5      | Noticed Edmund
  7260 | D:5      | Killed Edmund
  7448 | D:5      | Noticed Pikel
  7461 | D:5      | Killed Pikel
  7462 | D:5      | Reached skill level 5 in Fire Magic
  7925 | D:6      | Reached XP level 9. HP: 57/57 MP: 8/15
  7930 | D:6      | Noticed Sigmund
  7934 | D:6      | Killed Sigmund
  8161 | D:6      | Found a shimmering altar of Xom.
  8249 | D:6      | Reached skill level 5 in Maces & Flails
  8409 | D:6      | Found a hide-covered altar of Uskayaw.
  9093 | D:7      | Identified the +6 long sword of Qazlal's Inspiration
                  | {vorpal, Int+6}
  9141 | D:7      | Learned a level 4 spell: Olgreb's Toxic Radiance
  9157 | D:7      | Reached skill level 1 in Poison Magic
  9215 | D:7      | Reached skill level 2 in Poison Magic
  9362 | D:7      | Reached skill level 3 in Poison Magic
  9520 | D:7      | Reached skill level 4 in Poison Magic
  9603 | D:7      | Found a runed translucent gate.
  9604 | D:7      | Found a runed translucent gate.
  9604 | D:7      | Found a runed translucent gate.
  9605 | D:7      | Noticed Antichthon's ghost (novice NaWr)
  9606 | D:7      | Noticed spaghetti's ghost (novice DDSu)
  9606 | D:7      | Noticed spaghetti's ghost (novice DgFi)
  9606 | D:7      | Noticed Antichthon's ghost (novice NaWr)
  9874 | D:7      | Found a staircase to the Ecumenical Temple.
  9898 | D:7      | Reached skill level 5 in Poison Magic
  9917 | Temple   | Entered the Ecumenical Temple
  9969 | Temple   | Became a worshipper of Gozag Ym Sagoz the Greedy
 10254 | D:7      | Reached skill level 6 in Poison Magic
 10254 | D:7      | Reached XP level 10. HP: 63/63 MP: 7/17
 10261 | D:7      | Reached skill level 7 in Poison Magic
 10655 | D:8      | Found Nekey's Weapon Boutique.
 10704 | D:8      | Reached skill level 8 in Poison Magic
 10821 | D:8      | Reached skill level 1 in Long Blades
 11005 | D:8      | Found Qehuys's Antique Armour Emporium.
 11340 | D:8      | Found a sacrificial altar of Ru.
 11354 | D:8      | Bought the +3 great sword "Dezxelik" {vorpal, rElec MP+9}
                  | for 806 gold pieces
 11675 | D:8      | Found Hoon's Antique Weapon Shoppe.
 11677 | D:8      | Found Axaetega's Weapon Emporium.
 11764 | D:8      | Found a bloodstained altar of Trog.
 11936 | D:8      | Found an ornate altar of the Wu Jian Council.
 12008 | D:8      | Found Ukladwaw's General Store.
 12014 | D:8      | Bought a potion of heal wounds for 70 gold pieces
 12014 | D:8      | Bought a scroll of identify for 28 gold pieces
 12014 | D:8      | Bought a potion of might for 56 gold pieces
 12295 | D:9      | Reached skill level 9 in Poison Magic
 12679 | D:9      | HP: 3/63 [yak (13)]
 13047 | D:9      | Learned a level 5 spell: Irradiate
 13054 | D:9      | Slain by a troll

Illustrated notes

Levels and vault maps discovered:
D:1:      minmay_arrival_stone_box, layout_loops_ring,
          shapermc_ecumenical_altar_mp_highgroup, minmay_misc_feat_alley
D:2:      layout_basic, uniq_robin
D:3:      layout_loops_ring, grunt_qazlal_sundering, serial_shops,
          nicolae_lakefront_shop
D:4:      minmay_goblin_kobold_castle, layout_basic,
          mainiacjoe_overflow_chevrons, serial_shops, shop
D:5:      layout_loops_ring, nicolae_dithmenos_the_darkroom, lemuel_round_altar,
          kennysheep_doodads, uniq_eustachio, uniq_edmund, uniq_ijyb,
          uniq_duvessa, uniq_pikel
D:6:      layout_cave_pools, xom_teletrap_fun, mainiacjoe_overflow_alcove_4,
          uniq_sigmund
D:7:      layout_rooms, minmay_temple_entry_antechambers,
          gammafunk_ghost_cemetery, chequers_serial_rivers_marsh,
          minmay_misc_feat_x, hangedman_misty_isle
D:8:      layout_rooms, trog_hazing_becter, hangedman_ru_absence,
          mainiacjoe_overflow_concentric_impassable, serial_shops, shop, shop,
          shop, shop, nicolae_inconvenience_store
D:9:      layout_cave_pools, nicolae_hepliaklqana_hazy_memory,
          david_orc_1_choice, serial_shops, nicolae_take_the_stairs,
          nicolae_benzene_ring
Temple:   eino_temple_lava

Skill      XL: |  1  2  3  4  5  6  7  8  9 10 |
---------------+-------------------------------+-----
Stealth        | 3 4 5 6 7 |  7.3
Conjurations   | 2 3 4 |  4.6
Dodging        | 3 4 |  4.9
Spellcasting   | 3 4 |  4.7
Fire Magic     | 4 5 |  5.6
Fighting       | 1 2 3 |  3.9
Maces & Flails | 1 2 4 5 |  5.3
Poison Magic   | 6 9 |  9.7
Long Blades    | 4 |  4.4
Short Blades   | |  0.9

Action                   |  1- 3 |  4- 6 |  7- 9 | 10-12 || total
-------------------------+-------+-------+-------+-------++-------
Melee: Unarmed           |    10 |       |       |       ||    10
       Constrict         |     5 |    13 |    14 |     3 ||    35
       Tentacles         |     5 |     4 |    19 |    18 ||    46
       Spear             |     3 |     5 |       |       ||     8
       Dagger            |       |     9 |       |       ||     9
       Hand axe          |       |     5 |       |       ||     5
       Mace              |       |    16 |    81 |    12 ||   109
       Punch             |       |       |     1 |       ||     1
       Long sword        |       |       |       |    40 ||    40
 Cast: Foxfire           |    33 |    64 |    45 |    33 ||   175
       Scorch            |     6 |    63 |   100 |    51 ||   220
       Flame Wave        |       |       |     2 |     1 ||     3
       Olgreb's Toxic Ra |       |       |     1 |       ||     1
  Use: Scroll            |     4 |    16 |     7 |     2 ||    29
       Potion            |       |     1 |       |     1 ||     2
 Stab: Sleeping          |     1 |       |       |     1 ||     2
Armor: Skin              |     1 |     6 |    11 |     8 ||    26
Dodge: Dodged            |     9 |    63 |    74 |    47 ||   193

Table legend: (Time is in decaauts)
 A = Elapsed time spent in this place.
 B = Non-inter-level travel time spent in this place.
 C = Inter-level travel time spent in this place.
 D = Time resting spent in this place.
 E = Time spent auto-exploring this place.
 F = Levels seen in this place.
 G = Mean time per level.
                   A        B        C        D        E       F      G
               +--------+--------+--------+--------+--------+-----+--------+
         Total |  13053 |  12718 |    335 |   3438 |   7335 |  10 | 1305.3 |
       Dungeon |  12991 |  12665 |    326 |   3438 |   7292 |   9 | 1443.4 |
        Temple |     61 |     52 |      9 |      0 |     43 |   1 |   61.0 |
               +--------+--------+--------+--------+--------+-----+--------+

Top non-repeatable levels by time:
     D:4: 2316 daAuts
     D:8: 2155 daAuts
     D:7: 1678 daAuts
     D:1: 1533 daAuts
     D:3: 1496 daAuts
     D:5: 1305 daAuts
     D:2: 1234 daAuts
     D:6: 1040 daAuts
     D:9: 231 daAuts
  Temple: 61 daAuts
